 Dungeon Crawl Stone Soup version 0.21-a0-471-gd587bd5 (webtiles) character file.

4797 kae the Geomancer (level 10, -4/58 HPs)
             Began as a Gargoyle Earth Elementalist on Nov 21, 2017.
             Was a Priest of Vehumet.
             Slain by an orc warrior
             ... wielding a +0 halberd
              (21 damage)
             ... on level 8 of the Dungeon.
             The game lasted 00:10:06 (9193 turns).

kae the Geomancer (Gargoyle Earth Elementalist)     Turns: 9193, Time: 00:10:06

Health: -4/58      AC: 11    Str: 18    XL:     10   Next: 48%
Magic:  6/20       EV: 14    Int: 20    God:    Vehumet [***...]
Gold:   213        SH:  4    Dex: 15    Spells: 19/23 levels left

rFire    . . .     SeeInvis .   q - +8 mace of Ireajaxo {crush, *Noise rPois rN+++ Str+7}
rCold    . . .     Gourm    .   l - +0 buckler
rNeg     + + +     Faith    .   c - +1 robe
rPois    ∞         Spirit   .   (no helmet)
rElec    +         Reflect  .   E - +0 cloak {rPois}
rCorr    .         Harm     .   (no gloves)
MR       .....                  (no boots)
Stlth    +++.......             (no amulet)
HPRegen  0.19/turn              j - ring of stealth
MPRegen  0.17/turn              y - +5 ring of dexterity

@: no status effects
A: negative energy resistance 1, electricity resistance, unbreathing,
petrification resistance, rot immunity, AC +7
a: Renounce Religion


You were on level 8 of the Dungeon.
You worshipped Vehumet.
Vehumet was most pleased with you.
You were not hungry.

You visited 2 branches of the dungeon, and saw 9 of its levels.

You collected 405 gold pieces.
You spent 192 gold pieces at shops.

Inventory:

Hand Weapons
 f - a +0 club
 i - a +0 hand axe
 n - a +1 club
 q - the +8 mace of Ireajaxo (weapon) {crush, *Noise rPois rN+++ Str+7}
   (You bought it in a shop on level 5 of the Dungeon)

   It inflicts extra damage upon your enemies.
   It affects your strength (+7).
   It protects you from poison.
   It renders you almost immune to negative energy.
   It may make noises in combat.
Missiles
 b - 172 stones (quivered)
Armour
 c - a +1 robe (worn)
 l - a +0 buckler (worn)
 E - a +0 cloak of poison resistance (worn)
 I - a +1 pair of gloves
Jewellery
 j - a ring of stealth (left hand)
 y - a +5 ring of dexterity (right hand)
 B - a cursed amulet of inaccuracy {unknown}
 G - an uncursed amulet of guardian spirit {unknown}
Wands
 r - a wand of flame (38)
Scrolls
 a - 2 scrolls of remove curse
 k - 3 scrolls of identify
 o - a scroll of enchant armour
 p - 4 scrolls of teleportation
 A - a scroll of fear
 F - a scroll of amnesia
 J - a scroll of fog
Potions
 g - a potion of agility
 m - a potion of haste
 t - 2 potions of curing
 u - a potion of mutation {unknown}
 v - 2 potions of flight {unknown}
 z - a potion of brilliance
 C - a potion of cancellation {unknown}
 H - a potion of heal wounds
Books
 e - a book of Geomancy

   Spells                             Type                      Level
   a - Sandblast                      Earth                        1
   b - Passwall                       Transmutation/Earth          2
   c - Stone Arrow                    Conjuration/Earth            3
   d - Petrify                        Transmutation/Earth          4
   e - Lee's Rapid Deconstruction     Earth                        5
 w - a book of Conjurations

   Spells                             Type                      Level
   a - Magic Dart                     Conjuration                  1
   b - Searing Ray                    Conjuration                  2
   c - Dazzling Spray                 Conjuration/Hexes            3
   d - Fulminant Prism                Conjuration/Hexes            4
   e - Force Lance                    Conjuration/Translocation    4
   f - Iskenderun's Mystic Blast      Conjuration                  4
Comestibles
 d - 2 bread rations
 h - 4 fruits
 s - 3 meat rations
 x - 2 royal jellies
 D - 2 chunks of flesh


   Skills:
 + Level 4.8 Fighting
 * Level 4.9 Maces & Flails
 + Level 4.0 Dodging
 - Level 2.1 Stealth
 + Level 2.3 Shields
 * Level 7.1 Spellcasting
 * Level 7.0 Conjurations
   Level 0.7 Transmutations
 * Level 9.6 Earth Magic


You had 19 spell levels left.
You knew the following spells:

 Your Spells              Type           Power        Failure   Level  Hunger
a - Sandblast             Erth           #####.       1%          1    None
b - Stone Arrow           Conj/Erth      #####.       1%          3    #......


Dungeon Overview and Level Annotations

Branches:
Dungeon (8/15)             Temple (1/1) D:4
   Lair: D:8-11

Altars:
Ashenzari
Cheibriados
Dithmenos
Elyvilon
Fedhas
Gozag
Hepliaklqana
Kikubaaqudgha
Makhleb
Nemelex Xobeh
Okawaru
Qazlal
Ru
Sif Muna
Trog
Uskayaw
Vehumet
Wu Jian
Xom
Yredelemnul
Zin
The Shining One
Beogh

Shops:
D:5 (


Innate Abilities, Weirdness & Mutations

You are resistant to torment.
Your stone body is resilient. (AC +7)
You are immune to poison.
You resist negative energy. (rN+)
You are resistant to electric shocks. (rElec)
You can survive without breathing.
You are immune to petrification.
You are immune to rotting.


Message History

The stone arrow hits the orc warrior.
The orc warrior is almost dead.
Casting: Stone Arrow
Confirm with . or Enter, or press ? or * to list all spells.
Aiming: Sandblast
Press: ? - help, Shift-Dir - straight line, f/p - orc warrior
Aim: an orc warrior, wielding a halberd and wearing a plate armour (almost dead)
The blast of sand hits the orc warrior.
The orc warrior is almost dead.
b - 173 stones The orc warrior closely misses you.
Casting: Sandblast
Confirm with . or Enter, or press ? or * to list all spells.
Aiming: Sandblast
Press: ? - help, Shift-Dir - straight line, f/p - orc warrior
Aim: an orc warrior, wielding a halberd and wearing a plate armour (almost dead)
The blast of sand misses the orc warrior.
b - 172 stones The orc warrior hits you from afar with a halberd!!
You die...

#.### #...#
#######(########
....<.....).....
#######.########
#.# #.#
#.##########
#...@.oooo.#
##########.# #.#
#o# #o# #.#
#..o...
#o########
#._ooo.
#o........


#.ooooo #.......## You could see an orc warrior and 3 orcs.

Vanquished Creatures
  A hippogriff (D:7)
  Sigmund (D:6)
  A water moccasin (D:5)
  3 orc warriors
  Duvessa (D:6)
  3 ice beasts
  2 phantoms (D:8)
  An eye of draining (D:8)
  13 ogres
  2 centaurs
  5 bullfrogs
  The ghost of darxusza the Sneak, an amateur VSEn (D:3)
  4 scorpions
  Dowan (D:6)
  2 water moccasin skeletons
  A crimson imp (D:7)
  3 howler monkeys
  2 bullfrog zombies
  A centaur zombie (D:7)
  A hound (D:7)
  4 orc priests
  11 orc wizards
  A centaur skeleton (D:8)
  Crazy Yiuf (D:6)
  2 iguanas
  14 worker ants
  2 hound skeletons
  A worker ant zombie (D:7)
  3 gnolls (D:6)
  A howler monkey skeleton (D:7)
  11 adders
  2 shadow imps
  An ooze (D:3)
  An adder skeleton (D:5)
  2 adder zombies
  2 worms
  3 dart slugs
  8 leopard geckos
  27 orcs
  3 bats
  3 giant cockroaches
  9 goblins
  9 hobgoblins
  26 jackals
  A quokka (D:5)
  2 ball pythons
  6 frilled lizards
  A jackal skeleton (D:7)
  4 kobolds
  8 rats
218 creatures vanquished.

Notes
Turn   | Place    | Note
-------+----------+-------------------------------------------
     0 | D:1      | kae the Gargoyle Earth Elementalist began the quest for the Orb.
     0 | D:1      | Reached XP level 1. HP: 10/10 MP: 3/3
   520 | D:1      | Reached XP level 2. HP: 6/15 MP: 1/5
   532 | D:1      | Reached skill level 4 in Earth Magic
  1549 | D:1      | Found a shimmering altar of Xom.
  1554 | D:1      | Reached XP level 3. HP: 17/19 MP: 6/6
  1795 | D:2      | Noticed a centaur
  1809 | D:2      | Killed a centaur
  1809 | D:2      | Reached skill level 5 in Earth Magic
  1809 | D:2      | Reached XP level 4. HP: 11/24 MP: 0/9
  2214 | D:2      | Reached XP level 5. HP: 24/28 MP: 10/10
  2577 | D:2      | Learned a level 3 spell: Stone Arrow
  2581 | D:2      | Found an ancient bone altar of Kikubaaqudgha.
  2972 | D:3      | Found a sparkling altar of Nemelex Xobeh.
  3274 | D:3      | Reached skill level 1 in Conjurations
  3274 | D:3      | Reached XP level 6. HP: 24/33 MP: 5/12
  3395 | D:3      | Reached skill level 6 in Earth Magic
  3908 | D:3      | Noticed darxusza's ghost (amateur VSEn)
  3919 | D:3      | Killed darxusza's ghost
  3919 | D:3      | Reached skill level 1 in Fighting
  4261 | D:3      | Reached XP level 7. HP: 19/38 MP: 0/13
  5184 | D:4      | Found a deep blue altar of Sif Muna.
  5609 | D:4      | Found a staircase to the Ecumenical Temple.
  5632 | Temple   | Entered the Ecumenical Temple
  5737 | Temple   | Became a worshipper of Vehumet
  6080 | D:5      | Entered Level 5 of the Dungeon
  6084 | D:5      | Reached skill level 7 in Earth Magic
  6140 | D:5      | Reached skill level 5 in Spellcasting
  6140 | D:5      | Reached XP level 8. HP: 45/45 MP: 5/15
  6429 | D:5      | Found Opofoc's Antique Weapon Shop.
  6434 | D:5      | Bought a twisted mace for 192 gold pieces
  6434 | D:5      | Identified the +8 mace of Ireajaxo {crush, *Noise rPois rN+++ Str+7} (You bought it in a shop on level 5 of the Dungeon)
  6485 | D:5      | Found a stormy altar of Qazlal.
  6506 | D:5      | Reached skill level 1 in Maces & Flails
  6515 | D:5      | Reached * piety under Vehumet
  6515 | D:5      | Offered knowledge of Freeze by Vehumet.
  6951 | D:6      | Reached skill level 8 in Earth Magic
  7072 | D:6      | Found a blossoming altar of Fedhas.
  7078 | D:6      | Noticed Duvessa
  7081 | D:6      | Noticed Dowan
  7087 | D:6      | Reached skill level 5 in Conjurations
  7087 | D:6      | Reached XP level 9. HP: 51/51 MP: 14/17
  7091 | D:6      | Killed Dowan
  7096 | D:6      | Killed Duvessa
  7223 | D:6      | HP: 2/51 [orc/trident (2)]
  7227 | D:6      | Noticed Sigmund
  7290 | D:6      | Killed Sigmund
  7447 | D:6      | Found an ornate altar of the Wu Jian Council.
  7682 | D:6      | Found a runed door.
  7713 | D:6      | Noticed Crazy Yiuf
  7715 | D:6      | Killed Crazy Yiuf
  7803 | D:7      | Reached ** piety under Vehumet
  7803 | D:7      | Offered knowledge of Throw Flame by Vehumet.
  7922 | D:7      | Reached skill level 1 in Shields
  7927 | D:7      | Reached skill level 9 in Earth Magic
  8053 | D:7      | Reached XP level 10. HP: 58/58 MP: 6/20
  8148 | D:7      | Offered knowledge of Static Discharge by Vehumet.
  8656 | D:7      | Found a glowing golden altar of the Shining One.
  8838 | D:8      | Found an opulent altar of Gozag.
  8900 | D:8      | Reached *** piety under Vehumet
  9001 | D:8      | Found a hide-covered altar of Uskayaw.
  9137 | D:8      | Found a roughly hewn altar of Beogh.
  9149 | D:8      | Offered knowledge of Mephitic Cloud by Vehumet.
  9193 | D:8      | Slain by an orc warrior

Vault maps used:
D:1:      sevenhm_arrival_forest_fort_small_3, xom_teletrap_fun
D:2:      kiku_gazebo_pond_becter
D:3:      lemuel_round_altar
D:4:      lemuel_blue_sif_altar, minmay_temple_entry_hall, first_bread
D:5:      nicolae_qazlal_general_emergency, serial_shops,
          nicolae_shop_behind_doors
D:6:      lemuel_doored_altar, kennysheep_mini_moat, uniq_crazy_yiuf_cottage,
          uniq_sigmund, uniq_duvessa
D:7:      tso_metal_star
D:8:      lemuel_crystal_altar, grunt_gozag_breadcrumbs, lair_entry_dummy,
          special_room
Temple:   dshaligram_water_room_temple

Skill      XL: |  1  2  3  4  5  6  7  8  9 10 |
---------------+-------------------------------+-----
Earth Magic    | 4 5 6 7 8 9 |  9.6
Spellcasting   | 3 4 5 6 7 |  7.1
Conjurations   | 1 2 3 5 6 7 |  7.0
Fighting       | 1 2 3 4 |  4.8
Dodging        | 2 3 4 |  4.0
Maces & Flails | 2 4 |  4.9
Shields        | 1 2 |  2.3
Stealth        | |  2.1
Transmutations | |  0.7

Action                   |  1- 3 |  4- 6 |  7- 9 | 10-12 || total
-------------------------+-------+-------+-------+-------++-------
Melee: Unarmed           |    29 |       |       |       ||    29
       Hand axe          |    34 |   170 |    78 |       ||   282
       Club              |     7 |       |       |       ||     7
       Mace              |       |       |    91 |   119 ||   210
 Cast: Sandblast         |    18 |    18 |    63 |    30 ||   129
       Stone Arrow       |       |     6 |    64 |    24 ||    94
  Use: Scroll            |       |     3 |    13 |     1 ||    17
       Potion            |       |       |     1 |       ||     1
 Stab: Sleeping          |     2 |     4 |     4 |     1 ||    11
       Distracted        |       |     2 |       |       ||     2
  Eat: Chunk             |     3 |     8 |    15 |     4 ||    30
Armor: Robe              |    20 |    68 |   100 |    41 ||   229
Dodge: Dodged            |    62 |   127 |   203 |    81 ||   473
Block: Buckler           |       |       |     7 |    30 ||    37

Table legend:
 A = Spawn XP
 B = Non-spawn XP
 C = Spawn XP percentage of total XP
 D = Spawn monster count
 E = Non-spawn monster count
 F = Spawn count percentage of total count
 G = Total turns spent on level
                    A         B        C        D         E        F      G
               +---------+---------+-------+---------+---------+-------+---------
         Total |       0 |    6853 |   0.0 |       0 |     218 |   0.0 |  9193
               +---------+---------+-------+---------+---------+-------+---------
           D:1 |       0 |      34 |   0.0 |       0 |      19 |   0.0 |  1709
           D:2 |       0 |     218 |   0.0 |       0 |      15 |   0.0 |  1030
           D:3 |       0 |     369 |   0.0 |       0 |      36 |   0.0 |  1672
           D:4 |       0 |     423 |   0.0 |       0 |      21 |   0.0 |  1547
           D:5 |       0 |     992 |   0.0 |       0 |      26 |   0.0 |   865
           D:6 |       0 |    1425 |   0.0 |       0 |      25 |   0.0 |   826
           D:7 |       0 |    1894 |   0.0 |       0 |      48 |   0.0 |  1043
           D:8 |       0 |    1498 |   0.0 |       0 |      28 |   0.0 |   379
               +---------+---------+-------+---------+---------+-------+---------
